 Dungeon Crawl Stone Soup version 0.31-a0-455-g1a7b003ef0 (webtiles) character file.

Game seed: 1241100999152632164

9 ytrimaz the Shield-Bearer (level 2, 24/24 HPs)
             Began as a Formicid Fighter on Aug 3, 2023.
             Quit the game on level 1 of the Dungeon.
             The game lasted 00:01:32 (245 turns).

ytrimaz the Shield-Bearer (Formicid Fighter)         Turns: 245, Time: 00:01:33

Health: 24/24      AC:  6    Str: 20    XL:     2   Next: 20%
Magic:  2/2        EV:  9    Int:  7    God:
Gold:   11         SH:  5    Dex: 13    Spells: 1/1 levels left

rFire   . . .        a - +0 war axe
rCold   . . .        c - +0 buckler
rNeg    . . .        b - +0 scale mail
rPois   .            (helmet unavailable)
rElec   .            (no cloak)
rCorr   .            (no gloves)
SInv    +            (no boots)
Will    .....        (no amulet) Stlth
                     (no ring)
HPRegen 0.24/turn    (no ring)
MPRegen 0.08/turn

%: no passive effects
@: no status effects
A: permanent stasis, dig shafts and tunnels, antennae 3, four strong arms
a: Dig, Shaft Self


You were on level 1 of the Dungeon.
You visited 1 branch of the dungeon, and saw 1 of its levels.

You collected 11 gold pieces.


Innate Abilities, Weirdness & Mutations

You cannot be hasted, slowed, berserked, paralysed or teleported.
You can dig through walls and to a lower floor.
You have a pair of large antennae on your head. (SInv)
Your four strong arms can wield two-handed weapons with a shield.


   Skills:
 + Level 3.6 Fighting
 + Level 2.4 Axes
 - Level 3.2 Armour
 - Level 4.0 Shields


You had one spell level left.
You didn't know any spells.
Your spell library contained the following spells:

 Spells                   Type           Power      Damage    Failure   Level
 Foxfire                  Conj/Fire      0%         2x1d4     86%         1
 Plasma Beam              Fire/Air       0%         2x1d10    100%        6
 Starburst                Conj/Fire      0%         6d3       100%        6

Inventory:

Hand Weapons
 a - a +0 war axe (weapon)
Armour
 b - a +0 scale mail (worn)
 c - a +0 buckler (worn)
Talismans
 e - a beast talisman
   (You found it on level 1 of the Dungeon)
Scrolls
 g - a scroll of poison {unknown}
Potions
 d - a potion of might
 f - a potion of brilliance {unknown}

Dungeon Overview and Level Annotations

Branches:
Dungeon (1/15) Zot: 5744

Altars:

.## #.# ... #.#
.##.################.###
....[...................
#......############.###
#......#.......# #.#..
#.###..#.......# #.#.. #
#..#....... #.#..
##@#...... #.### #........
#.# #)#...... #.# #.##..###
#.# #.# #.#### #.# #.##..
#.# #.##.######### #.#
#.##.#........
##########.###.##.#.#####..


There were no monsters in sight!


Message History

You closely miss the bat. You block the bat's attack.
You block the bat's attack. 😎 HP[+1]
Your hp is fully restored (18).
Okay, then.
A bat is nearby!
Still begin untransforming?
Okay, then.
You miss the bat. You block the bat's attack.
The bat hits you but does no damage.
Unknown command.
You closely miss the bat. You block the bat's attack.
The bat hits you but does no damage.
Unknown command.
The bat barely misses you.
You miss the bat. The bat hits you but does no damage. The bat misses you.
You miss the bat. You block the bat's attack. x2
You miss the bat. The bat barely misses you.
The bat hits you but does no damage.
You closely miss the bat. The bat hits you but does no damage. x2
You hit the bat. The bat hits you but does no damage.
The bat barely misses you.
You hit the bat.
You kill the bat!
No target in view!
No target in view!
No target in view!
No target in view!
No target in view!
No target in view!
No target in view!
No target in view!
You pick up a book of Fire and begin reading...
You add the spells Foxfire, Plasma Beam and Starburst to your library.
f - an orange potion
There is a stone staircase leading down here.
A goblin comes into view. It is wielding a +0 club.
The goblin shouts!
A goblin is nearby!
A goblin is nearby!
A goblin is nearby!
The goblin hits you but does no damage.
You closely miss the goblin. You block the goblin's attack.
The goblin barely misses you.
You hit the goblin.
You kill the goblin!
Things that are here:
a +0 club; a goblin corpse No target in view!
No target in view!
g - a scroll labelled BOTEYQ AMIENK You see here 5 stones.
You sense a monster nearby.
A kobold comes into view. It is wielding a +0 dagger.
A kobold is nearby!
A kobold is nearby!
A kobold is nearby!
Okay, then.
The kobold throws a stone.
The stone hits you. 😕 HP[-1]
You take 1 damage, and now have 17/18 hp.
The kobold hits you but does no damage.
You closely miss the kobold. The kobold hits you but does no damage.
You block the kobold's attack.
You hit the kobold.
You kill the kobold!
You have reached level 2! 😎 HP[+7] MP[+1]
You now have 24 max hp (+6).
Your hp is fully restored (24).
Your mp is fully restored (2).
Things that are here:
a +0 dagger; 5 stones Key pressed, stopping explore.
You sense a monster nearby.
A goblin comes into view. It is wielding a +0 club.
Found a stone staircase leading down.
The goblin shouts!
A goblin is nearby!
You slash the goblin!
You kill the goblin!
You see here a +0 club.
A giant cockroach comes into view.
There is a stone staircase leading down here.
A giant cockroach is nearby!
A giant cockroach is nearby!
You barely miss the giant cockroach. You block the giant cockroach's attack.
You barely miss the giant cockroach.
The giant cockroach bites you but does no damage.
The giant cockroach barely misses you.
You hit the giant cockroach but do no damage.
You block the giant cockroach's attack. x2
You barely miss the giant cockroach.
The giant cockroach bites you but does no damage.
You slash the giant cockroach!
You kill the giant cockroach!
You begin untransforming.
You continue untransforming. x3
Your transformation has ended.
You now have 11 gold pieces.
Key pressed, stopping explore.
Are you sure you want to abandon this character and quit the game? (Confirm with "yes".)

Action                     || total
---------------------------++-------
  Melee: War axe           ||    24
Ability: Begin Untransform ||     1
 Armour: Scale mail        ||    18
  Dodge: Dodged            ||    10
  Block: Buckler           ||    11
   Form: Beast             ||     1

Levels and vault maps discovered:
D:1:      dpeg_arrival_rooms_with_view, layout_basic

Notes
Turn   | Place    | Note
-------+----------+-------------------------------------------
     0 | D:1      | ytrimaz the Formicid Fighter began the quest for the Orb.
     0 | D:1      | Reached XP level 1. HP: 18/18 MP: 1/1
     0 | D:1      | magus.rc [v1.9.6]
    99 | D:1      | You pick up a book of Fire and begin reading...
    99 | D:1      | You add the spells Foxfire, Plasma Beam and Starburst to
                  | your library.
   150 | D:1      | Reached XP level 2. HP: 24/24 MP: 2/2
   245 | D:1      | Quit the game

Vanquished Creatures
  A bat (D:1)
  3 giant cockroaches (D:1)
  2 goblins (D:1)
  A kobold (D:1)
7 creatures vanquished.

Table legend:
 A = Non-vault XP
 B = Vault XP
 C = Vault XP percentage of total XP
 D = Non-vault monster count
 E = Vault monster count
 F = Vault count percentage of total count
                 A         B        C        D         E       F
            +---------+---------+-------+---------+---------+-------
      Total |      11 |       2 |  15.4 |       6 |       1 |  14.3
            +---------+---------+-------+---------+---------+-------
        D:1 |      11 |       2 |  15.4 |       6 |       1 |  14.3
            +---------+---------+-------+---------+---------+-------

Action                     || total
---------------------------++-------
  Melee: War axe           ||    24
Ability: Begin Untransform ||     1
 Armour: Scale mail        ||    18
  Dodge: Dodged            ||    10
  Block: Buckler           ||    11
   Form: Beast             ||     1

Illustrated notes

Table legend:
 A = Kills in this place as a percentage of kills in the entire game.
 B = Kills by you in this place as a percentage of kills by you in the entire game.
 C = Kills by friends in this place as a percentage of kills by friends in the entire game.
 D = Other kills in this place as a percentage of other kills in the entire game.
 E = Experience gained in this place as a percentage of experience gained in the entire game.
 F = Experience gained in this place divided by the number of levels of this place that you have seen.
                   A       B       C       D       E      F
               +-------+-------+-------+-------+-------+----------------------
         Total | 100.0 | 100.0 |   N/A |   N/A | 100.0 |  13.0
       Dungeon | 100.0 | 100.0 |   N/A |   N/A | 100.0 |  13.0
               +-------+-------+-------+-------+-------+----------------------

Table legend: (Time is in decaauts)
 A = Elapsed time spent in this place.
 B = Non-inter-level travel time spent in this place.
 C = Inter-level travel time spent in this place.
 D = Time resting spent in this place.
 E = Time spent auto-exploring this place.
 F = Levels seen in this place.
 G = Mean time per level.
                   A        B        C        D        E       F      G
               +--------+--------+--------+--------+--------+-----+--------+
         Total |    255 |    255 |      0 |      0 |    152 |   1 |  255.0 |
       Dungeon |    255 |    255 |      0 |      0 |    152 |   1 |  255.0 |
               +--------+--------+--------+--------+--------+-----+--------+

Top non-repeatable levels by time:
     D:1: 255 daAuts
